 Dungeon Crawl Stone Soup version 0.30-a0-883-g5ad918d77d (webtiles) character file.

Game seed: 3039228788335634458

4851 CrazyBamboolord the Martial Artist (level 10, -7/65 HPs)
             Began as a Merfolk Transmuter on Mar 16, 2023.
             Was a Follower of Hepliaklqana.
             Mangled by a yak (13 damage)
             ... on level 10 of the Dungeon.
             The game lasted 00:33:20 (10061 turns).

CrazyBamboolord the Martial Artist (MfTm)          Turns: 10061, Time: 00:33:21

Health: -7/65      AC:  8    Str: 18    XL:     10   Next: 49%
Magic:  18/18      EV: 17    Int: 14    God:    Hepliaklqana [*.....]
Gold:   621        SH:  0    Dex: 20    Spells: 4/19 levels left

rFire   . . .      SeeInvis .      - Unarmed
rCold   . . .      Faith    .    u - orb "Ezarrihy" {Dex+4}
rNeg    . . .      Spirit   .    v - +0 steam dragon scales
rPois   .          Reflect  .    i - +2 hat
rElec   .          Rampage  .    (no cloak)
rCorr   .                        o - +0 pair of gloves
Will    +....                    (no boots)
Stlth   +                        (no amulet)
HPRegen 0.30/turn                h - ring of willpower
MPRegen 0.16/turn                p - +6 ring of strength

@: confused
A: reduced essence, (nimble swimmer 2), mertail
a: Renounce Religion, Recall Ancestor, Ancestor Identity


You were on level 10 of the Dungeon.
You worshipped Hepliaklqana.
Hepliaklqana was aware of your devotion.
You visited 2 branches of the dungeon, and saw 11 of its levels.

You collected 621 gold pieces.

Inventory:

Missiles
 c - 3 throwing nets
Armour
 i - a +2 hat (worn)
 o - a +0 pair of gloves (worn)
 q - a +0 robe of fire resistance
 u - the orb "Ezarrihy" (worn) {Dex+4}
   (You found it on level 4 of the Dungeon)

   Dex:       It affects your dexterity (+4).
 v - +0 steam dragon scales (worn)
 H - a +1 helmet
Jewellery
 h - a ring of willpower (left hand)
 p - a +6 ring of strength (right hand)
 t - a ring of ice
 D - a +6 ring of strength
 G - a ring of willpower
Wands
 m - a wand of iceblast (20)
 w - a wand of charming (6)
 x - a wand of flame (20)
 E - a wand of mindburst (12)
Scrolls
 a - a scroll of poison
 k - 2 scrolls of immolation
 l - a scroll of amnesia
 y - 3 scrolls of silence
 z - a scroll of enchant armour
 A - 2 scrolls of enchant weapon
Potions
 d - 2 potions of degeneration
 e - 2 potions of magic
 f - 2 potions of ambrosia {unknown}
 g - a potion of invisibility {unknown}
 j - 4 potions of attraction
 n - a potion of haste
 r - a potion of brilliance {unknown}
 s - a potion of flight {unknown}
 B - 3 potions of might
 F - a potion of cancellation {unknown}


   Skills:
 * Level 4.8 Fighting
 * Level 7.1 Dodging
 + Level 3.3 Stealth
 * Level 10.1 Unarmed Combat
 * Level 5.4 Spellcasting
 * Level 7.3 Transmutations
 * Level 4.4 Ice Magic
 * Level 4.9 Poison Magic


You had 4 spell levels left.
You knew the following spells:

 Your Spells              Type           Power      Damage    Failure   Level
a - Beastly Appendage     Tmut           48%        N/A       1%          1
b - Wereblood             Tmut           24%        N/A       1%          2
c - Spider Form           Tmut/Pois      21%        N/A       4%          3
d - Ice Form              Ice/Tmut       20%        N/A       16%         4
e - Yara's Violent Unrav  Hex/Tmut       7%         3d5       71%         5

Your spell library contained the following spells:

 Spells                   Type           Power      Damage    Failure   Level
 Slow                     Hex            12%        N/A       17%         1
 Lesser Beckoning         Tloc           6%         N/A       26%         2
 Mephitic Cloud           Conj/Pois/Air  8%         N/A       26%         3
 Confusing Touch          Hex            3%         N/A       45%         3
 Gell's Gravitas          Tloc           3%         N/A       45%         3
 Teleport Other           Tloc           3%         N/A       45%         3
 Tukima's Dance           Hex            3%         N/A       45%         3
 Vampiric Draining        Necr           3%         2d6       45%         3
 Flame Wave               Conj/Fire      3%         2d5       86%         4
 Passage of Golubria      Tloc           3%         N/A       86%         4
 Silence                  Hex/Air        1%         N/A       99%         5


Dungeon Overview and Level Annotations

Branches:
Dungeon (10/15)            Temple (1/1) D:7            Lair (0/5) D:8
    Orc: D:9-12

Altars:
Ashenzari
Cheibriados
Elyvilon
Fedhas
Gozag
Hepliaklqana
Kikubaaqudgha
Makhleb
Nemelex Xobeh
Okawaru
Qazlal
Ru
Sif Muna
Trog
Uskayaw
Vehumet
Wu Jian
Xom
Zin
The Shining One

Shops:
D:5 (

Annotations:
D:4 1 exclusion
D:6 3 runed translucent doors, What's ghost, novice TrEE
D:10 Erolcha


Innate Abilities, Weirdness & Mutations

Your life essence is reduced to manifest your ancestor. (-10% HP)
((You are very nimble when in or above water. (Stealth+, EV+, Speed+++)))
Your lower body shifts to a powerful aquatic tail in water.


Message History

The orc is moderately wounded.
The orc closely misses you.
You hit the orc.
You kill the orc!
Items here: )) [[ †.
You start resting.
HP restored.
Things that are here:
a +0 robe; a +0 dagger
There is a stone staircase leading down here.
You climb downwards.
There is a stone staircase leading up here.
You now have 621 gold pieces (gained 17).
There is a stone staircase leading up here.
Bamboo's Child has departed this plane of existence.
There is a stone staircase leading down here.
You climb downwards.
Erolcha shouts!
The yak bellows! x5
Found a scroll labelled VUZUUDOLOU, 15 gold pieces and a cloak.
There is a stone staircase leading up here.
The yak barely misses you.
The vampire points at you and mumbles some strange words.
You are confused.
In your confused state, you trip and fall back down the stairs.
The yak gores you. The yak closely misses you. Erolcha completely misses you.
The yak completely misses you. The vampire completely misses you.
The vampire bites you.
The vampire draws strength from your injuries!
The yak gores you. x2; The yak gores you! x2
The yak gores you but does no damage.
In your confused state, you trip and fall back down the stairs.
Erolcha casts a spell.
Erolcha blinks!
The yak barely misses you. x2; The yak gores you!
The vampire misses you. The vampire closely misses you.
The yak closely misses you. The yak gores you!
* * * LOW HITPOINT WARNING * * *
The yak gores you.
* * * LOW HITPOINT WARNING * * *
The yak misses you. The yak barely misses you. The yak gores you!
You die...

##+##
##...##
##.....##
##.......##
#...YY....#
+.?.Y@V...+
#...YYY...#
##.$.....##
##...[.##
##..O##
##+##


You could see Erolcha, 6 yaks and a vampire.

Vanquished Creatures
  Grinder (D:5)
  Prince Ribbit (D:6)
  Sigmund (D:5)
  4 yaks (D:8)
  A wyvern (D:8)
  2 steam dragons
  2 ice beasts (D:8)
  2 orc warriors (D:8)
  A black bear (D:5)
  2 centaurs
  2 ogres
  2 phantoms (D:6)
  Blork the orc (D:6)
  3 kobold brigands
  3 gnoll sergeants
  A scorpion (D:5)
  7 wights
  2 killer bees (D:9)
  A howler monkey (D:6)
  3 jellies
  6 orc priests
  2 hounds
  2 iguanas (D:7)
  2 sleepcaps
  A gnoll bouda (D:4)
  7 orc wizards
  4 adders
  23 gnolls
  A shadow imp (D:7)
  A white imp (D:5)
  2 ufetubi
  A worm (D:2)
  42 orcs
  6 endoplasms
  A giant cockroach (D:4)
  4 goblins
  7 hobgoblins
  5 jackals
  7 quokkas
  6 ball pythons
  6 bats
  2 frilled lizards
  22 kobolds
  7 rats
209 creatures vanquished.

Vanquished Creatures (collateral kills)
  A yak (D:7)
  3 killer bees (D:9)
  An orc wizard (D:8)
  4 orcs (D:8)
9 creatures vanquished.

Vanquished Creatures (others)
  5 dream sheep (D:4)
  3 ancestors
  2 kobolds (D:8)
10 creatures vanquished.

Grand Total: 228 creatures vanquished

Notes
Turn   | Place    | Note
-------+----------+-------------------------------------------
     0 | D:1      | CrazyBamboolord the Merfolk Transmuter began the quest for
                  | the Orb.
     0 | D:1      | Reached XP level 1. HP: 15/15 MP: 3/3
   326 | D:1      | Reached XP level 2. HP: 14/21 MP: 3/5
   687 | D:1      | Reached XP level 3. HP: 26/26 MP: 3/6
   937 | D:1      | Learned a level 2 spell: Wereblood
   941 | D:1      | Learned a level 3 spell: Spider Form
  1786 | D:3      | Found a shimmering blue altar of Sif Muna.
  2017 | D:2      | Reached XP level 4. HP: 15/32 MP: 5/7
  2087 | D:3      | HP: 1/32 [orc priest/divine providence (17)]
  2250 | D:3      | Reached skill level 4 in Unarmed Combat
  2973 | D:4      | Reached skill level 1 in Poison Magic
  3029 | D:4      | Reached XP level 5. HP: 28/38 MP: 7/9
  3151 | D:4      | Identified the orb "Ezarrihy" {Dex+4}
  3158 | D:4      | Learned a level 4 spell: Ice Form
  3217 | D:4      | Noticed an ogre
  3262 | D:4      | Noticed a dream sheep
  3262 | D:4      | Noticed a dream sheep
  3262 | D:4      | Noticed a dream sheep
  3262 | D:4      | Noticed a dream sheep
  3262 | D:4      | Noticed a dream sheep
  3262 | D:4      | Found a shimmering altar of Xom.
  3266 | D:4      | Killed a dream sheep
  3266 | D:4      | Killed a dream sheep
  3266 | D:4      | Killed a dream sheep
  3266 | D:4      | Killed a dream sheep
  3267 | D:4      | Killed a dream sheep
  3391 | D:4      | Found a white marble altar of Elyvilon.
  3398 | D:4      | Found a hide-covered altar of Uskayaw.
  3708 | D:4      | Killed an ogre
  3751 | D:5      | Entered Level 5 of the Dungeon
  3752 | D:5      | Noticed a steam dragon
  3763 | D:5      | Killed a steam dragon
  3764 | D:5      | Reached skill level 1 in Ice Magic
  3764 | D:5      | Reached XP level 6. HP: 27/44 MP: 7/11
  3959 | D:5      | Reached skill level 5 in Unarmed Combat
  3964 | D:5      | Reached XP level 7. HP: 51/51 MP: 7/12
  3980 | D:5      | Reached skill level 1 in Stealth
  4186 | D:5      | Noticed Sigmund
  4197 | D:5      | Killed Sigmund
  4278 | D:5      | Found Jyptomp's Weapon Boutique.
  4359 | D:5      | Noticed Grinder
  4373 | D:5      | Reached skill level 6 in Unarmed Combat
  4391 | D:5      | HP: 2/51 [gnoll/+0 spear (6)]
  4408 | D:5      | Killed Grinder
  4409 | D:5      | Reached skill level 5 in Transmutations
  4409 | D:5      | Reached XP level 8. HP: 38/58 MP: 12/14
  4570 | D:5      | Learned a level 5 spell: Yara's Violent Unravelling
  4671 | D:5      | Reached skill level 7 in Unarmed Combat
  5622 | D:6      | Reached skill level 5 in Dodging
  5926 | D:6      | Found a radiant altar of Vehumet.
  6478 | D:6      | Reached XP level 9. HP: 43/64 MP: 11/15
  6510 | D:6      | Noticed Prince Ribbit
  6514 | D:6      | Killed Prince Ribbit
  6515 | D:6      | Reached skill level 8 in Unarmed Combat
  6552 | D:6      | Noticed Blork the orc
  6558 | D:6      | Killed Blork the orc
  6615 | D:6      | Found a runed translucent gate.
  6616 | D:6      | Found a runed translucent gate.
  6616 | D:6      | Noticed What's ghost (novice TrEE)
  6617 | D:6      | Found a runed translucent gate.
  6885 | D:7      | Found a hazy altar of Hepliaklqana.
  6895 | D:7      | Found a staircase to the Ecumenical Temple.
  6982 | Temple   | Entered the Ecumenical Temple
  7175 | D:7      | Became a worshipper of Hepliaklqana the Forgotten
  7906 | D:7      | Found a snail-covered altar of Cheibriados.
  8019 | D:8      | Reached skill level 5 in Spellcasting
  8048 | D:8      | Reached skill level 9 in Unarmed Combat
  8429 | D:8      | Found a staircase to the Lair.
  8518 | D:8      | Reached * piety under Hepliaklqana
  8589 | D:8      | Reached XP level 10. HP: 65/65 MP: 15/17
  8650 | D:8      | You fall into a shaft and drop 1 floor!
  8655 | D:9      | Noticed a two-headed ogre
  9182 | D:7      | Reached skill level 10 in Unarmed Combat
  9405 | D:8      | Found a burning altar of Makhleb.
  9410 | D:8      | Found an opulent altar of Gozag.
  9413 | D:8      | Found an ornate altar of the Wu Jian Council.
  9812 | D:9      | Got the Tractate on the Welkin and the Coals
  9835 | D:9      | Noticed a centaur warrior
  9835 | D:9      | Noticed a cyclops
  9835 | D:9      | Noticed a boulder beetle
  9835 | D:9      | Noticed a boulder beetle
  9837 | D:9      | Noticed a red ugly thing
 10056 | D:10     | Entered Level 10 of the Dungeon
 10056 | D:10     | Noticed Erolcha
 10061 | D:10     | Mangled by a yak

Illustrated notes

Levels and vault maps discovered:
D:1:      nzn_arrival_crosshair, layout_loops_ring, minmay_3d_cube
D:2:      layout_loops_cross
D:3:      layout_rooms, nicolae_sif_muna_condensation, minmay_bisected
D:4:      layout_basic, kb_xom_exploding_sheep, amethyst_overflow_temple_binary
D:5:      layout_loops_ring, serial_shops, nicolae_diamond_shop, uniq_grinder,
          uniq_sigmund
D:6:      layout_gridville, mainiacjoe_overflow_chevrons,
          ebering_ghost_rock_garden, corexii_hall_statues_i,
          minmay_misc_feat_tower, kennysheep_flooded_box,
          amcnicky_mini_rare_corridor_liquid, serial_park_tiny_1,
          hellmonk_bongcloud_opening, uniq_blork_the_orc, uniq_prince_ribbit1
D:7:      layout_cave_pools, mainiacjoe_overflow_catch_the_wave,
          minmay_temple_entry_stoned_glass, corexii_leaking_fountain
D:8:      layout_loops_cross, minmay_overflow_temple_star_quad,
          lair_entry_dummy, special_room [special_room_orc]
D:9:      minmay_the_grid_triangle_9x9_recursive_2
          [minmay_the_grid_triangle_9x9_prize_top_heavy,
          minmay_the_grid_triangle_9x9_steps,
          minmay_the_grid_triangle_9x9_zippers_horizontal,
          minmay_the_grid_triangle_9x9_swiss_cheese], layout_cave_pools,
          kennysheep_mini_moat, serial_bayou_pond_e
D:10:     layout_loops_corners, overflow_temple_1_default, ebering_ghost_gozag,
          uniq_psyche, uniq_maggie, uniq_harold, uniq_erolcha
Temple:   eino_wide_crystal_templ

Skill      XL: |  1  2  3  4  5  6  7  8  9 10 |
---------------+-------------------------------+-----
Transmutations | 3 4 5 6 7 |  7.3
Dodging        | 3 4 5 6 7 |  7.1
Unarmed Combat | 4 5 6 7 9 10 | 10.1
Poison Magic   | 1 2 3 4 |  4.9
Spellcasting   | 3 4 5 |  5.4
Fighting       | 2 3 4 |  4.8
Ice Magic      | 1 2 3 4 |  4.4
Stealth        | 1 2 3 |  3.3

Action                     |  1- 3 |  4- 6 |  7- 9 | 10-12 || total
---------------------------+-------+-------+-------+-------++-------
  Melee: Unarmed           |   138 |   114 |   346 |   130 ||   728
         Headbutt          |    16 |    14 |    14 |     5 ||    49
         Punch             |     2 |       |       |       ||     2
         Tailslap          |       |       |     1 |       ||     1
   Cast: Beastly Appendage |    27 |    15 |    14 |     1 ||    57
         Wereblood         |     1 |     2 |    16 |     5 ||    24
         Spider Form       |       |     3 |    17 |     2 ||    22
         Ice Form          |       |       |     1 |     1 ||     2
 Invoke: Ancestor Identity |       |       |     1 |       ||     1
  Evoke: Wand              |       |       |    21 |       ||    21
    Use: Scroll            |     1 |     5 |    10 |     2 ||    18
         Potion            |     1 |       |     5 |     3 ||     9
   Stab: Sleeping          |     1 |     1 |     4 |       ||     6
 Armour: Robe              |    32 |    23 |    15 |       ||    70
         Skin              |     2 |       |    19 |     1 ||    22
         Steam dragon scal |       |       |    10 |    19 ||    29
  Dodge: Dodged            |    96 |   127 |   320 |   141 ||   684

Table legend: (Time is in decaauts)
 A = Elapsed time spent in this place.
 B = Non-inter-level travel time spent in this place.
 C = Inter-level travel time spent in this place.
 D = Time resting spent in this place.
 E = Time spent auto-exploring this place.
 F = Levels seen in this place.
 G = Mean time per level.
                   A        B        C        D        E       F      G
               +--------+--------+--------+--------+--------+-----+--------+
         Total |   9963 |   9259 |    704 |   1478 |   5671 |  11 |  905.7 |
       Dungeon |   9784 |   9087 |    697 |   1478 |   5586 |  10 |  978.4 |
        Temple |    178 |    171 |      7 |      0 |     85 |   1 |  178.0 |
               +--------+--------+--------+--------+--------+-----+--------+

Top non-repeatable levels by time:
     D:6: 1543 daAuts
     D:8: 1434 daAuts
     D:2: 1417 daAuts
     D:5: 1199 daAuts
     D:4: 1172 daAuts
     D:7: 993 daAuts
     D:1: 980 daAuts
     D:3: 804 daAuts
     D:9: 234 daAuts
  Temple: 178 daAuts
    D:10: 4 daAuts
